 Dungeon Crawl Stone Soup version 0.29-a0-620-g13ace881f2 (webtiles) character file.

Game seed: 5596409603037120917

4736 Kaemin the Spear-Bearer (level 10, 0/132 HPs)
             Began as a Minotaur Berserker on June 18, 2022.
             Was a Believer of Trog.
             Slain by a yak (8 damage)
             ... on level 9 of the Dungeon on June 19, 2022.
             The game lasted 01:08:53 (8712 turns).

Kaemin the Spear-Bearer (Minotaur Berserker)        Turns: 8712, Time: 01:08:54

Health: 0/132      AC: 25    Str: 26    XL:     10   Next: 22%
Magic:  0/9        EV:  2    Int:  4    God:    Trog [**....]
Gold:   1179       SH:  0    Dex: 10    Spells: 9/9 levels left

rFire   x . .      SeeInvis .   C - +1 scythe (flame)
rCold   + . .      Faith    .   (shield currently unavailable)
rNeg    . . .      Spirit   +   (body armour currently unavailable)
rPois   +          Reflect  .   (helmet currently unavailable)
rElec   .          Harm     .   (cloak currently unavailable)
rCorr   +          Rampage  .   (gloves currently unavailable)
Will    ++...      NoTele   +   (boots currently unavailable)
Stlth   ++........              h - amulet of guardian spirit
HPRegen 1.32/turn               c - ring of ice
MPRegen 0.11/turn               D - ring of resist corrosion

@: tree-form, strong-willed (expiring), on berserk cooldown, regenerating
(expiring), slowed, very slow
A: stationary, stasis, torment immunity, boosted hp, (horns 2), (retaliatory
headbutt)
a: Renounce Religion, Berserk, Trog's Hand


You were on level 9 of the Dungeon.
You worshipped Trog.
Trog was pleased with you.
You were a tree.
You visited 2 branches of the dungeon, and saw 10 of its levels.
You also visited: Sewer and Ossuary.

You collected 1487 gold pieces.
You spent 308 gold pieces at shops.

Inventory:

Hand Weapons
 a - a +0 falchion
 s - a +1 whip of freezing
 w - a +1 broad axe of flaming
 B - a +3 quarterstaff of chaos
 C - a +1 scythe of flaming (weapon)
 I - a +0 long sword
 K - a +0 scimitar of flaming
Missiles
 n - 5 poisoned darts (quivered)
 G - 6 javelins
Armour
 b - a +0 animal skin
 d - a +0 ring mail
 g - a +0 chain mail (melded)
 i - the +2 pair of boots of Vuhuquth (melded) {SInv}
   (You bought it in a shop on level 5 of the Dungeon)

   SInv:      It lets you see invisible.
 x - +0 swamp dragon scales
 A - a +0 cloak (melded)
 E - a +0 pair of gloves (melded)
 J - +0 steam dragon scales
Jewellery
 c - a ring of ice (left branch)
 h - an amulet of guardian spirit (around neck)
 D - a ring of resist corrosion (right branch)
Wands
 e - a wand of flame (15)
 r - a wand of polymorph (9)
 F - a wand of paralysis (11)
Scrolls
 j - 3 scrolls of immolation
 l - 5 scrolls of teleportation
 m - 2 scrolls of noise
 t - 5 scrolls of amnesia
 y - 3 scrolls of magic mapping
 H - 2 scrolls of poison
 L - a scroll of enchant armour
 M - a scroll of fear
 N - 2 scrolls of identify
Potions
 f - a potion of haste
 k - 2 potions of resistance
 o - 4 potions of flight
 q - a potion of curing
 u - 2 potions of cancellation
 v - a potion of lignification
 z - a potion of magic {unknown}


   Skills:
 + Level 8.0 Fighting
 + Level 8.6 Long Blades
 + Level 10.1 Polearms
 + Level 2.6 Throwing
 + Level 9.0 Armour
 + Level 4.0 Dodging
 + Level 1.5 Stealth
 + Level 0.6 Unarmed Combat
 + Level 0.7 Evocations


You had 9 spell levels left.
You didn't know any spells.
Your spell library contained the following spells:

 Spells                   Type           Power      Damage    Failure   Level
 Call Canine Familiar     Summ           0%         N/A       86%         3
 Portal Projectile        Hex/Tloc       0%         N/A       86%         3
 Leda's Liquefaction      Hex/Erth       0%         N/A       99%         4


Dungeon Overview and Level Annotations

Branches:
Dungeon (9/15)             Temple (1/1) D:6           Sewer (visited)
Ossuary (visited)
   Lair: D:8-11         Orc: D:9-12

Altars:
Ashenzari
Cheibriados
Dithmenos
Elyvilon
Fedhas
Gozag
Hepliaklqana
Kikubaaqudgha
Makhleb
Nemelex Xobeh
Okawaru
Qazlal
Ru
Sif Muna
Trog
Uskayaw
Vehumet
Wu Jian
Xom
Yredelemnul
Zin
The Shining One

Shops:
D:5 [

Annotations:
D:8 1 transporter


Innate Abilities, Weirdness & Mutations

You are a tree.
Your roots penetrate the ground, keeping you stationary.
You cannot be teleported.
You are immune to unholy pain and torment.
Your maximum health is greatly increased.
Your equipment is partially melded.
((You have a pair of horns on your head.))
((You reflexively headbutt those who attack you in melee.))


Message History

You feel better. The yak completely misses you. The yak gores you!
The yak gores you.
* * * LOW HITPOINT WARNING * * *
Aiming: Throw Flame
Press: ? - help, Q - select action, (/) - cycle Shift-Dir - straight line, f - yak
Aim: a yak (lightly wounded, 81% to hit)
The puff of flame misses the yak.
The yak gores you.
* * * LOW HITPOINT WARNING * * *
The yak gores you!
* * * LOW HITPOINT WARNING * * *
The yak gores you!
* * * LOW HITPOINT WARNING * * *
The yak barely misses you. You furiously retaliate!
You headbutt the yak, but do no damage. The yak barely misses you.
The yak closely misses you. You furiously retaliate!
You headbutt the yak!
You turn into a tree.
Your +0 cloak melds into your body.
Your +0 pair of gloves melds into your body.
The +2 pair of boots of Vuhuquth {SInv} melds into your body.
Your +0 chain mail melds into your body.
Your roots penetrate the ground.
The yak gores you.
* * * LOW HITPOINT WARNING * * *
The yak gores you but does no damage. x2
You are too injured to fight recklessly!
You slash the yak! You burn the yak.
The yak is almost dead.
The yak gores you but does no damage. x3; The yak barely misses you.
The yak gores you but does no damage. x2
You hit the yak but do no damage.
The yak is almost dead.
You feel the effects of Trog's Hand fading.
The yak gores you but does no damage. x2; The yak gores you!
* * * LOW HITPOINT WARNING * * *
The yak gores you but does no damage. The yak gores you.
* * * LOW HITPOINT WARNING * * *
The yak gores you but does no damage. The yak gores you.
* * * LOW HITPOINT WARNING * * *
The yak barely misses you. The yak gores you but does no damage.
You feel better. The yak gores you!
You die...

#.............#
#.............#
#.............#
#.............#
##.............#
##..#....########
##..##....#
#...#.......
#♣Y.#........
#YY.# .......
#...# ..## #(###
#(. #.. ##. #.


You could see 3 yaks.

Vanquished Creatures
  Pikel (D:4)
  Sigmund (D:3)
  A wyvern (D:8)
  2 yaks (D:9)
  A steam dragon (D:7)
  2 water moccasins (D:7)
  An ice beast (D:5)
  A sky beast (D:8)
  2 black bears
  3 orc warriors
  2 ogres (D:5)
  A centaur (D:6)
  A lemure (D:4)
  An elf zombie (Ossuary)
  A kobold brigand (Sewer)
  4 bullfrogs
  A necrophage (D:5)
  A scorpion (D:6)
  5 wights (D:7)
  6 killer bees (D:8)
  A howler monkey (D:5)
  4 hounds
  A quasit (D:6)
  A jelly (D:4)
  Crazy Yiuf (D:3)
  A gnoll shaman (D:7)
  4 orc priests
  4 iguanas
  Jessica (D:2)
  Ijyb (D:3)
  Natasha (D:2)
  6 orc wizards
  Terence (D:2)
  3 mummies (Ossuary)
  11 adders
  12 gnolls
  2 river rats
  3 shadow imps (D:6)
  2 white imps
  An ufetubus (D:5)
  An adder zombie (Ossuary)
  4 worms
  6 dart slugs
  15 orcs
  7 ball pythons
  7 bats
  5 endoplasms
  5 giant cockroaches
  A gnoll zombie (Ossuary)
  3 goblins (D:2)
  3 hobgoblins
  4 jackals (D:1)
  5 quokkas
  5 frilled lizards
  2 goblin zombies
  A hobgoblin zombie (Ossuary)
  14 kobolds
  7 kobold zombies (Ossuary)
  An orc zombie (Ossuary)
  2 quokka zombies (Ossuary)
  7 rats
  4 rat zombies
208 creatures vanquished.

Vanquished Creatures (collateral kills)
  Maggie (D:6)
1 creature vanquished.

Vanquished Creatures (others)
  7 demonic plants (D:6)
7 creatures vanquished.

Grand Total: 216 creatures vanquished

Notes
Turn   | Place    | Note
-------+----------+-------------------------------------------
     0 | D:1      | Kaemin the Minotaur Berserker began the quest for the Orb.
     0 | D:1      | Reached XP level 1. HP: 19/19 MP: 0/0
   196 | D:1      | Reached XP level 2. HP: 27/27 MP: 1/1
  1065 | D:1      | Found a faded altar of an unknown god.
  1100 | D:1      | Reached XP level 3. HP: 32/33 MP: 2/2
  1308 | D:2      | Noticed Terence
  1311 | D:2      | Killed Terence
  1454 | D:2      | Reached XP level 4. HP: 40/41 MP: 3/3
  1602 | D:2      | Noticed Jessica
  1611 | D:2      | Killed Jessica
  1612 | D:2      | Reached skill level 5 in Long Blades
  1848 | D:2      | Noticed Natasha
  1851 | D:2      | Killed Natasha
  2055 | D:3      | Found a glowing drain.
  2062 | D:3      | Reached XP level 5. HP: 47/47 MP: 4/4
  2078 | Sewer    | Entered a sewer
  2122 | Sewer    | Reached ** piety under Trog
  2158 | Sewer    | Found a white marble altar of Elyvilon.
  2334 | D:3      | Noticed Ijyb
  2388 | D:3      | Killed Ijyb
  2389 | D:3      | Reached XP level 6. HP: 53/55 MP: 5/5
  2461 | D:3      | You fall into a shaft and drop 2 floors!
  2461 | D:5      | Entered Level 5 of the Dungeon
  2482 | D:4      | Noticed Pikel
  2499 | D:4      | Killed Pikel
  2500 | D:4      | Reached skill level 5 in Fighting
  2500 | D:4      | Reached skill level 5 in Armour
  2500 | D:4      | Reached skill level 1 in Stealth
  2500 | D:4      | Reached XP level 7. HP: 53/61 MP: 6/6
  2500 | D:4      | Found a bloodstained altar of Trog.
  2621 | D:4      | Found a sand-covered staircase.
  2629 | Ossuary  | Entered an ossuary
  3246 | D:3      | Found a snail-covered altar of Cheibriados.
  3501 | D:3      | Reached *** piety under Trog
  3571 | D:3      | Found a glowing silver altar of Zin.
  3885 | D:3      | Found a runed translucent door.
  3885 | D:3      | Noticed Sigmund
  3886 | D:3      | Noticed Crazy Yiuf
  3892 | D:3      | Killed Crazy Yiuf
  3900 | D:3      | Killed Sigmund
  3901 | D:3      | Reached XP level 8. HP: 70/70 MP: 7/7
  4396 | D:4      | Reached skill level 1 in Polearms
  4847 | D:5      | Found Taobruos's Armour Shop.
  4899 | D:5      | Reached skill level 2 in Polearms
  5064 | D:5      | Reached skill level 3 in Polearms
  5338 | D:5      | Reached skill level 4 in Polearms
  5513 | D:6      | Found a shimmering altar of Xom.
  5513 | D:6      | Found an ancient bone altar of Kikubaaqudgha.
  5524 | D:6      | Found a faded altar of an unknown god.
  5528 | D:6      | Found a sparkling altar of Nemelex Xobeh.
  5530 | D:6      | Found a faded altar of an unknown god.
  5631 | D:6      | Found a staircase to the Ecumenical Temple.
  5651 | D:6      | Reached skill level 5 in Polearms
  5708 | Temple   | Entered the Ecumenical Temple
  6242 | D:6      | Reached XP level 9. HP: 78/78 MP: 5/8
  6271 | D:6      | Reached skill level 1 in Throwing
  6418 | D:6      | Noticed Maggie
  6438 | D:6      | Killed Maggie
  6439 | D:6      | Reached skill level 6 in Polearms
  6549 | D:6      | Identified a scroll of acquirement
  6553 | D:6      | Acquired 986 gold pieces
  6646 | D:5      | Bought the +2 pair of boots of Vuhuquth {SInv} for 308 gold
                  | pieces
  7112 | D:7      | Reached skill level 7 in Polearms
  7270 | D:7      | Reached skill level 8 in Polearms
  7515 | D:7      | Reached skill level 9 in Polearms
  7578 | D:8      | Found a transporter.
  7625 | D:8      | Found a transporter.
  7705 | D:8      | Reached XP level 10. HP: 82/88 MP: 6/9
  7871 | D:8      | Found a transporter.
  7878 | D:8      | Found a transporter.
  8023 | D:8      | Found an ornate altar of the Wu Jian Council.
  8375 | D:8      | Found a transporter.
  8377 | D:8      | Found a transporter.
  8700 | D:9      | Reached skill level 10 in Polearms
  8711 | D:9      | HP: 3/132 [yak (4)]
  8711 | D:9      | HP: 1/132 [yak (2)]
  8712 | D:9      | Slain by a yak

Illustrated notes

Levels and vault maps discovered:
D:1:      dpeg_arrival_round_a, layout_basic, ebering_ecumenical_altar_abandoned
D:2:      layout_loops_ring, uniq_terence, uniq_jessica, uniq_natasha
D:3:      layout_basic, zin_statuary, kennysheep_slug_shrine,
          portal_sewer_entry_a, serial_bayou_pond_e, uniq_crazy_yiuf_cottage,
          uniq_sigmund, uniq_ijyb
D:4:      layout_loops_ring, trog_butcher_becter, enter_ossuary_4,
          kennysheep_opposing_triangles, uniq_pikel
D:5:      layout_loops_ring, serial_shops,
          nicolae_shop_temple_entry_statues_fountains
D:6:      layout_loops_cross, chequers_temple_overflow_minitemple,
          temple_statues, serial_demonic, serial_demonic_d, serial_demonic_e,
          serial_demonic_b, serial_demonic_g, st_stairs_3, uniq_maggie
D:7:      layout_rooms
D:8:      layout_rooms, mainiacjoe_overflow_brackets, serial_nicolae_subway,
          nicolae_sub_station_crystal, nicolae_sub_station_metal,
          nicolae_sub_station_stone
D:9:      minmay_the_grid_octo_tiled_octocenter
          [minmay_the_grid_octo_checkerflower, minmay_the_grid_octo_concentric,
          minmay_the_grid_octo_vomiting_pacman,
          minmay_the_grid_octo_tetromino_candy,
          minmay_the_grid_octo_prize_square_snowflake,
          minmay_the_grid_square_5x5_seven, minmay_the_grid_square_5x5_inner_v,
          minmay_the_grid_square_5x5_three, minmay_the_grid_square_5x5_comb],
          layout_gridville
Temple:   regret_index_temple_generic_petals

Skill      XL: |  1  2  3  4  5  6  7  8  9 10 |
---------------+-------------------------------+-----
Fighting       | 4 5 6 8 |  8.0
Long Blades    | 4 5 6 7 8 |  8.6
Armour         | 3 4 5 7 8 9 |  9.0
Dodging        | 3 4 |  4.0
Stealth        | 1 |  1.5
Polearms       | 5 9 10 | 10.1
Throwing       | 2 |  2.6
Unarmed Combat | |  0.6
Evocations     | |  0.7

Action                   |  1- 3 |  4- 6 |  7- 9 | 10-12 || total
-------------------------+-------+-------+-------+-------++-------
Melee: Falchion          |    64 |    84 |   108 |       ||   256
       Headbutt          |     9 |     7 |    54 |    10 ||    80
       Punch             |       |     1 |     1 |       ||     2
       Unarmed           |       |     5 |       |       ||     5
       Scythe            |       |       |   197 |    62 ||   259
Throw: Dart              |       |     1 |    19 |     7 ||    27
Invok: Berserk           |     3 |     6 |    18 |     2 ||    29
       Trog's Hand       |       |       |     3 |     1 ||     4
Evoke: Wand              |     1 |     3 |     1 |     1 ||     6
  Use: Scroll            |     4 |     1 |    17 |       ||    22
       Potion            |     1 |     3 |     6 |     9 ||    19
 Stab: Confused          |       |     2 |       |       ||     2
Armor: Animal skin       |     6 |       |       |       ||     6
       Ring mail         |    20 |       |       |       ||    20
       Chain mail        |       |    42 |   176 |    47 ||   265
       Skin              |       |       |     6 |    12 ||    18
Dodge: Dodged            |    55 |    43 |   179 |    39 ||   316

Table legend: (Time is in decaauts)
 A = Elapsed time spent in this place.
 B = Non-inter-level travel time spent in this place.
 C = Inter-level travel time spent in this place.
 D = Time resting spent in this place.
 E = Time spent auto-exploring this place.
 F = Levels seen in this place.
 G = Mean time per level.
                   A        B        C        D        E       F      G
               +--------+--------+--------+--------+--------+-----+--------+
         Total |   9148 |   3279 |   5869 |    745 |    557 |  12 |  762.3 |
       Dungeon |   7993 |   2527 |   5466 |    506 |    557 |   9 |  888.1 |
        Temple |    419 |     16 |    403 |      0 |      0 |   1 |  419.0 |
         Sewer |    255 |    255 |      0 |      0 |      0 |   1 |  255.0 |
       Ossuary |    479 |    479 |      0 |    239 |      0 |   1 |  479.0 |
               +--------+--------+--------+--------+--------+-----+--------+

Top non-repeatable levels by time:
     D:1: 1330 daAuts
     D:6: 1131 daAuts
     D:8: 1081 daAuts
     D:4: 1049 daAuts
     D:5: 1037 daAuts
     D:3: 920 daAuts
     D:2: 762 daAuts
     D:7: 552 daAuts
 Ossuary: 479 daAuts
  Temple: 419 daAuts
   Sewer: 255 daAuts
     D:9: 126 daAuts
